 Dungeon Crawl Stone Soup version 0.28-a0-1130-gc51a68064b (webtiles) character file.

Game seed: 7317404030475558804

954 yoda5477 the Skirmisher (level 7, -1/59 HPs)
             Began as a Demonspawn Transmuter on Dec 13, 2021.
             Slain by a centaur warrior zombie (7 damage)
             ... on level 5 of the Dungeon.
             The game lasted 00:38:01 (7257 turns).

yoda5477 the Skirmisher (Demonspawn Transmuter)     Turns: 7257, Time: 00:38:01

Health: -1/59      AC: 10    Str: 13    XL:     7   Next: 91%
Magic:  0/11       EV: 15    Int: 14    God:
Gold:   107        SH:  0    Dex: 13    Spells: 9/12 levels left

rFire   . . .      SeeInvis .   a - +1 falchion (protect)
rCold   . . .      Faith    .   (no shield)
rNeg    . . .      Spirit   +   t - +0 leather armour
rPois   .          Reflect  .   (helmet restricted)
rElec   .          Harm     .   (no cloak)
rCorr   +          Rampage  .   (no gloves)
Will    .....                   (no boots)
Stlth   ++........              (no amulet)
HPRegen 0.19/turn               p - ring of resist corrosion
MPRegen 0.24/turn               u - ring of flight

@: under a protective aura, flying
A: antennae 1, repulsion field 1, powered by pain 1, magic shield, magic
regeneration
a: no special abilities


You were on level 5 of the Dungeon.
You visited 1 branch of the dungeon, and saw 5 of its levels.

You collected 107 gold pieces.

Inventory:

Hand Weapons
 a - a +1 falchion of protection (weapon)
 c - a +0 short sword
 f - a +0 whip
 n - a +0 short sword of venom
Missiles
 g - 2 atropa-tipped darts
 j - 113 stones
 l - 33 arrows
 m - 5 boomerangs
 s - 3 javelins
 w - 9 sling bullets
 x - 19 poisoned darts (quivered)
Armour
 e - a +0 chain mail
 t - a +0 leather armour (worn)
Jewellery
 p - a ring of resist corrosion (left hand)
 u - a ring of flight (right hand)
 v - an amulet of faith
Wands
 k - a wand of polymorph (7)
Potions
 b - a potion of brilliance
 d - a potion of attraction {unknown}
 h - a potion of curing
 i - a potion of might
 o - a potion of degeneration {unknown}
 q - a potion of mutation {unknown}
 A - a potion of lignification {unknown}


   Skills:
 + Level 6.3 Fighting
 + Level 2.0 Armour
 - Level 4.0 Dodging
 - Level 2.0 Stealth
 - Level 2.6 Unarmed Combat
 + Level 3.0 Spellcasting
 - Level 3.0 Transmutations


You had 9 spell levels left.
You knew the following spells:

 Your Spells              Type           Power      Damage    Failure   Level
a - Beastly Appendage     Tmut           20%        N/A       8%          1
b - Wereblood             Tmut           10%        N/A       12%         2

Your spell library contained the following spells:

 Spells                   Type           Power      Damage    Failure   Level
 Spider Form              Tmut/Pois      6%         N/A       41%         3
 Ice Form                 Ice/Tmut       6%         N/A       82%         4


Dungeon Overview and Level Annotations

Branches:
Dungeon (5/15)
 Temple: D:4-7

Altars:
Fedhas
Gozag
Zin

Annotations:
D:2 1 runed translucent door, Crazy Yiuf
D:3 exclusion: downstairs


Innate Abilities, Weirdness & Mutations

You have a pair of small antennae on your head.
You are surrounded by a mild repulsion field. (EV +2)
You sometimes gain a little power by taking damage.
When hurt, damage is shared between your health and your magic reserves.
You regenerate magic rapidly.


Message History

You slash the centaur warrior zombie!
Your weapon exudes an aura of protection.
The centaur warrior zombie is heavily damaged.
The centaur warrior zombie closely misses you.
The centaur warrior zombie kicks you.
* * * LOW HITPOINT WARNING * * *
The centaur warrior zombie barely misses you.
The centaur warrior zombie kicks you but does no damage.
You hit the centaur warrior zombie.
The centaur warrior zombie is heavily damaged.
The centaur warrior zombie barely misses you.
The centaur warrior zombie kicks you but does no damage.
You hit the centaur warrior zombie but do no damage.
The centaur warrior zombie is heavily damaged.
The centaur warrior zombie hits you.
* * * LOW HITPOINT WARNING * * *
The centaur warrior zombie closely misses you.
The centaur warrior zombie hits you.
* * * LOW HITPOINT WARNING * * *
The centaur warrior zombie kicks you but does no damage.
You hit the centaur warrior zombie.
The centaur warrior zombie is heavily damaged.
The centaur warrior zombie hits you.
* * * LOW HITPOINT WARNING * * *
The centaur warrior zombie kicks you but does no damage.
The centaur warrior zombie misses you.
The centaur warrior zombie closely misses you.
You completely miss the centaur warrior zombie.
The centaur warrior zombie is heavily damaged.
The centaur warrior zombie hits you.
* * * LOW HITPOINT WARNING * * *
The centaur warrior zombie closely misses you.
The centaur warrior zombie barely misses you.
The centaur warrior zombie closely misses you.
Press: ? - help, v - describe, . - travel, g - get item Item here: an iguana corpse.
The floor, spattered with blood.
There is a stone staircase leading up here.
The centaur warrior zombie hits you!
You die...

..# ## #.# #. #.#
#. #.# #. #.# ###
#.#### #.# #..
#....## #.# #.# ##
#.....###@# #.#
##.# #........Z#
#.# #.#.
#.....###.# #.#
#.# #......##
#.########.#####.#
#.....##
#............(...#
.......#
######)....<######
###...... #.#....#
.......# #.#....#
#.###### #.......#


You could see a centaur warrior zombie.

Vanquished Creatures
  Pikel (D:4)
  4 lemures (D:4)
  2 scorpions (D:4)
  2 hounds (D:4)
  A jelly (D:4)
  A centaur skeleton (D:4)
  A bullfrog skeleton (D:4)
  An iguana (D:5)
  2 orc wizards
  A gnoll (D:1)
  5 adders
  An adder skeleton (D:4)
  A worm (D:2)
  A dart slug (D:2)
  2 orcs
  9 ball pythons
  3 bats
  5 endoplasms
  5 giant cockroaches
  7 goblins
  9 hobgoblins
  13 jackals
  5 kobolds
  4 quokkas
  2 frilled lizards (D:2)
  6 rats
  A spectral kobold (D:1)
95 creatures vanquished.

Notes
Turn   | Place    | Note
-------+----------+-------------------------------------------
     0 | D:1      | yoda5477 the Demonspawn Transmuter began the quest for the
                  | Orb.
     0 | D:1      | Reached XP level 1. HP: 15/15 MP: 3/3
   234 | D:1      | Lost mutation: You have a pair of horns on your head.
                  | [demonic ancestry]
   234 | D:1      | Lost mutation: You have a pair of small horns on your head.
                  | [demonic ancestry]
   234 | D:1      | Gained mutation: You have a pair of small antennae on your
                  | head. [demonic ancestry]
   234 | D:1      | Reached XP level 2. HP: 21/21 MP: 3/5
   541 | D:1      | Reached skill level 1 in Stealth
  1534 | D:1      | Gained mutation: You regenerate magic rapidly. [demonic
                  | ancestry]
  1534 | D:1      | Reached XP level 3. HP: 14/27 MP: 6/6
  2000 | D:1      | Found a faded altar of an unknown god.
  2207 | D:1      | Reached skill level 2 in Fighting
  2664 | D:2      | Learned a level 2 spell: Wereblood
  3050 | D:2      | Found a runed translucent door.
  3051 | D:2      | Noticed Crazy Yiuf
  3215 | D:2      | Reached XP level 4. HP: 29/33 MP: 7/7
  4727 | D:4      | Noticed a lemure
  4756 | D:4      | Noticed a scorpion
  5027 | D:3      | Reached skill level 3 in Fighting
  5027 | D:3      | Gained mutation: You are surrounded by a mild repulsion
                  | field. (EV +2) [demonic ancestry]
  5027 | D:3      | Reached XP level 5. HP: 23/41 MP: 5/8
  5169 | D:4      | Reached skill level 1 in Armour
  5341 | D:4      | Gained mutation: You sometimes gain a little power by
                  | taking damage. [demonic ancestry]
  5341 | D:4      | Reached XP level 6. HP: 10/48 MP: 4/9
  5637 | D:4      | Found a blossoming altar of Fedhas.
  5918 | D:4      | Reached skill level 4 in Fighting
  6392 | D:4      | Found an opulent altar of Gozag.
  6670 | D:4      | Noticed Pikel
  6816 | D:4      | Killed Pikel
  6817 | D:4      | Reached skill level 6 in Fighting
  6817 | D:4      | Gained mutation: When hurt, damage is shared between your
                  | health and your magic reserves. [demonic ancestry]
  6817 | D:4      | Reached XP level 7. HP: 26/58 MP: 7/11
  7165 | D:5      | Entered Level 5 of the Dungeon
  7257 | D:5      | Slain by a centaur warrior zombie

Illustrated notes

Levels and vault maps discovered:
D:1:      scummos_arrival_simple_crosswalls, layout_basic,
          dreamdust_ecumenical_altar_drowned_temple, serial_park_tiny_1,
          hangedman_glass_teeth
D:2:      layout_basic, uniq_crazy_yiuf_cottage
D:3:      layout_rooms
D:4:      layout_loops_ring, grunt_temple_overflow_gold_and_silver,
          fedhas_altar_4, uniq_pikel
D:5:      layout_loops_ring, mainiacjoe_overflow_six_doors_small

Skill      XL: |  1  2  3  4  5  6 |
---------------+-------------------+-----
Transmutations | 2 3 |  3.0
Stealth        | 1 2 |  2.0
Dodging        | 2 4 |  4.0
Fighting       | 2 3 6 |  6.3
Armour         | 1 2 |  2.0
Spellcasting   | 3 |  3.0
Unarmed Combat | |  2.6

Action                   |  1- 3 |  4- 6 |  7- 9 || total
-------------------------+-------+-------+-------++-------
Melee: Unarmed           |   137 |       |       ||   137
       Kick              |    28 |    30 |     5 ||    63
       Headbutt          |     1 |       |       ||     1
       Punch             |     3 |     2 |     1 ||     6
       Short sword       |     7 |   135 |    17 ||   159
       Falchion          |       |    34 |     6 ||    40
Throw: Stone             |    24 |    51 |       ||    75
       Dart              |     2 |     8 |     2 ||    12
       Boomerang         |       |     8 |       ||     8
 Cast: Beastly Appendage |    32 |    36 |     2 ||    70
       Wereblood         |       |     1 |       ||     1
  Use: Scroll            |       |     8 |       ||     8
 Stab: Sleeping          |     3 |     2 |       ||     5
Armor: Robe              |    13 |    18 |       ||    31
       Leather armour    |       |    27 |     9 ||    36
Dodge: Dodged            |    86 |   125 |    31 ||   242

Table legend: (Time is in decaauts)
 A = Elapsed time spent in this place.
 B = Non-inter-level travel time spent in this place.
 C = Inter-level travel time spent in this place.
 D = Time resting spent in this place.
 E = Time spent auto-exploring this place.
 F = Levels seen in this place.
 G = Mean time per level.
                   A        B        C        D        E       F      G
               +--------+--------+--------+--------+--------+-----+--------+
         Total |   7299 |   7009 |    290 |   2414 |   1707 |   5 | 1459.8 |
       Dungeon |   7299 |   7009 |    290 |   2414 |   1707 |   5 | 1459.8 |
               +--------+--------+--------+--------+--------+-----+--------+

Top non-repeatable levels by time:
     D:1: 2599 daAuts
     D:4: 2065 daAuts
     D:2: 1455 daAuts
     D:3: 1083 daAuts
     D:5: 94 daAuts
